 Dungeon Crawl Stone Soup version 0.29.1-4-g47bece8355 (webtiles) character file.

Game seed: 11564348197304500036

672 GigaChad the Chopper (level 7, 0/61 HPs)
             Began as a Minotaur Fighter on Dec 3, 2022.
             Was a Plaything of Xom.
             Slain by a gnoll
             ... wielding a +0 halberd
              (1 damage)
             ... on level 5 of the Dungeon.
             The game lasted 00:08:03 (5621 turns).

GigaChad the Chopper (Minotaur Fighter)             Turns: 5621, Time: 00:08:04

Health: 0/61       AC: 11    Str: 23    XL:     7   Next: 32%
Magic:  6/6        EV:  6    Int:  5    God:    Xom [..*...]
Gold:   283        SH: 12    Dex:  9    Spells: 6/6 levels left

rFire   . . .      SeeInvis .   a - +1 war axe
rCold   . . .      Faith    .   h - +0 tower shield
rNeg    . . .      Spirit   .   b - +0 scale mail
rPois   .          Reflect  .   (helmet restricted)
rElec   .          Harm     .   t - +0 cloak
rCorr   .          Rampage  .   (no gloves)
Will    .....                   l - +1 pair of boots
Stlth   ..........              (no amulet)
HPRegen 0.20/turn               (no ring)
MPRegen 0.10/turn               (no ring)

@: marked
A: horns 2, retaliatory headbutt
a: Renounce Religion


You were on level 5 of the Dungeon.
You worshipped Xom.
You were a toy of Xom.
You visited 1 branch of the dungeon, and saw 5 of its levels.

You collected 283 gold pieces.

Inventory:

Hand Weapons
 a - a +1 war axe (weapon)
 q - a +3 quarterstaff of chaos
Armour
 b - a +0 scale mail (worn)
 c - a +1 buckler
 h - a +0 tower shield (worn)
 l - a +1 pair of boots (worn)
 t - a +0 cloak (worn)
Wands
 p - a wand of acid (4)
Scrolls
 f - a scroll of silence {unknown}
 m - a scroll of enchant weapon
 o - a scroll of enchant armour
 u - a scroll of magic mapping
 v - a scroll of identify
 w - a scroll of butterflies {unknown}
Potions
 d - a potion of might
 e - 2 potions of mutation {unknown}
 g - 2 potions of flight {unknown}
 i - a potion of heal wounds {unknown}
 j - 2 potions of curing {unknown}
 k - a potion of brilliance {unknown}
 n - 3 potions of lignification {unknown}
 r - a potion of berserk rage {unknown}
 s - a potion of degeneration {unknown}


   Skills:
 + Level 5.5 Fighting
 + Level 6.0 Axes
 + Level 5.7 Armour
 + Level 1.5 Dodging
 + Level 0.7 Stealth
 + Level 5.4 Shields


You had 6 spell levels left.
You didn't know any spells.
Your spell library contained the following spells:

 Spells                   Type           Power      Damage    Failure   Level
 Necrotise                Necr           0%         1d4       100%        1


Dungeon Overview and Level Annotations

Branches:
Dungeon (5/15)
 Temple: D:4-7

Altars:
Dithmenos
Kikubaaqudgha
Makhleb
Okawaru
Qazlal
Sif Muna
Vehumet
Xom

Shops:
D:3 *


Innate Abilities, Weirdness & Mutations

You have a pair of horns on your head.
You reflexively headbutt those who attack you in melee.


Message History

The ice beast hits you but does no damage.
An ogre comes into view. It is wielding a +0 giant spiked club.
You completely miss the ice beast. You headbutt the ice beast!
The ice beast is almost dead.
The ice beast hits you but does no damage.
The gnoll throws a throwing net.
The throwing net hits you.
You become entangled in the net!
You struggle against the net.
The ice beast hits you. The ice beast freezes you.
The gnoll hits you but does no damage. The gnoll hits you with a +0 flail.
A hound comes into view.
You struggle against the net.
Xom makes a sudden noise!
You hear the wailing of sirens.
The ice beast barely misses you.
The gnoll hits you from afar with a +0 halberd.
A black bear comes into view.
You struggle against the net.
The ice beast completely misses you.
The gnoll hits you from afar with a +0 halberd.
The gnoll hits you but does no damage.
You struggle against the net.
The ice beast hits you but does no damage.
The gnoll hits you from afar with a +0 halberd.
The gnoll hits you but does no damage.
You shred the net and break free! You block the ice beast's attack.
You block the gnoll's attack. The gnoll hits you with a +0 flail.
You block the gnoll's attack.
You hit the gnoll. Your headbutt misses the gnoll.
The gnoll is moderately wounded.
You hit the gnoll. You hit the ogre. You hit the ice beast.
You kill the ice beast!
The gnoll hits you from afar with a +0 halberd!
You block the gnoll's attack. The gnoll hits you with a +0 flail!
* * * LOW HITPOINT WARNING * * *
The ogre hits you with a +0 giant spiked club!
* * * LOW HITPOINT WARNING * * *
The adder bites you but does no damage. The gnoll hits you but does no damage.
You block the gnoll's attack.
The gnoll hits you from afar with a +0 halberd.
You die...
Xom thinks this is hilarious!

#......#.#
#.........
#.......#
######.......
#..........#
#......g.h.#
#.....#gO..##
......S@gh[.####
#.....####.....#
#.... #.#.#.#
#.# #...
#.#...## ... #..
#.#....###... ##
#.#.........#
#.#......>..#
#.###.#.....#
#.# #<#.#####


You could see a black bear, an ogre, a hound, 3 gnolls and an adder.

Vanquished Creatures
  An ice beast (D:5)
  A phantom (D:4)
  A necrophage (D:5)
  4 scorpions
  A gnoll bouda (D:4)
  Crazy Yiuf (D:3)
  Robin (D:3)
  2 gnolls (D:4)
  9 adders
  An ufetubus (D:4)
  3 worms
  3 dart slugs
  3 orcs
  7 ball pythons
  13 endoplasms
  2 giant cockroaches (D:1)
  12 goblins
  10 hobgoblins
  2 quokkas
  4 bats
  5 frilled lizards
  12 kobolds
  3 rats
101 creatures vanquished.

Vanquished Creatures (collateral kills)
  3 gnolls (D:4)
3 creatures vanquished.

Grand Total: 104 creatures vanquished

Notes
Turn   | Place    | Note
-------+----------+-------------------------------------------
     0 | D:1      | GigaChad the Minotaur Fighter began the quest for the Orb.
     0 | D:1      | Reached XP level 1. HP: 19/19 MP: 0/0
   517 | D:1      | Reached XP level 2. HP: 26/27 MP: 1/1
   687 | D:1      | Found a faded altar of an unknown god.
   691 | D:1      | Prayed at the altar of an unknown god.
   691 | D:1      | Became a worshipper of Xom the Psychotic
   716 | D:1      | XOM: silly message
  1378 | D:2      | XOM: noise
  1395 | D:2      | Reached XP level 3. HP: 33/33 MP: 2/2
  1459 | D:2      | Found a stormy altar of Qazlal.
  1497 | D:2      | XOM: noise
  1557 | D:2      | XOM: divination: detect items
  1709 | D:2      | Reached skill level 3 in Axes
  1889 | D:2      | XOM: silly message
  2092 | D:2      | XOM: silly message
  2449 | D:3      | Noticed Robin
  2452 | D:3      | Reached XP level 4. HP: 41/41 MP: 3/3
  2463 | D:3      | XOM: confuse monster(s)
  2468 | D:3      | Killed Robin
  2829 | D:3      | Found an iron altar of Okawaru.
  2830 | D:3      | Noticed a scorpion
  2833 | D:3      | XOM: noise
  2838 | D:3      | Killed a scorpion
  2839 | D:3      | Reached skill level 4 in Axes
  2839 | D:3      | Reached XP level 5. HP: 27/47 MP: 4/4
  3060 | D:3      | Found a burning altar of Makhleb.
  3060 | D:3      | Noticed a blizzard demon
  3064 | D:3      | Noticed a ynoxinul
  3064 | D:3      | Noticed a smoke demon
  3197 | D:3      | Found a runed translucent door.
  3198 | D:3      | Noticed Crazy Yiuf
  3220 | D:3      | Reached skill level 5 in Armour
  3263 | D:3      | Found a shadowy altar of Dithmenos.
  3263 | D:3      | Found Ynisu's General Store.
  3263 | D:3      | XOM: 5-stop teleportation journey
  3464 | D:3      | Found a radiant altar of Vehumet.
  3464 | D:3      | Found an ancient bone altar of Kikubaaqudgha.
  3466 | D:3      | Found a shimmering blue altar of Sif Muna.
  3478 | D:3      | Got Kikubaaqudgha's Meditations on Gloom
  3564 | D:3      | Killed Crazy Yiuf
  3873 | D:4      | Noticed a phantom
  3889 | D:4      | Killed a phantom
  3890 | D:4      | Reached XP level 6. HP: 47/55 MP: 5/5
  4039 | D:4      | Reached skill level 5 in Fighting
  4048 | D:4      | Reached skill level 1 in Dodging
  4049 | D:4      | XOM: summons 3 friendly demons
  4053 | D:4      | Reached skill level 5 in Axes
  4680 | D:4      | XOM: stat loss: -1 Dex (8/9)
  4703 | D:4      | XOM: summons 3 hostile shadow creatures
  4825 | D:4      | Reached skill level 5 in Shields
  4929 | D:4      | XOM: summons 2 hostile shadow creatures
  5063 | D:4      | XOM: swap monsters
  5067 | D:4      | Reached XP level 7. HP: 47/61 MP: 6/6
  5539 | D:5      | Entered Level 5 of the Dungeon
  5544 | D:5      | XOM: fake destruction
  5557 | D:5      | Reached skill level 6 in Axes
  5617 | D:5      | XOM: noise
  5621 | D:5      | HP: 1/61 [ogre/+0 giant spiked club (16)]
  5621 | D:5      | Slain by a gnoll

Illustrated notes

Levels and vault maps discovered:
D:1:      dpeg_arrival_long_road, layout_basic,
          shapermc_ecumenical_altar_mp_vishouse
D:2:      kb_forest_paths, layout_basic, basic_altar
D:3:      layout_rooms, grunt_temple_overflow_magic_moments,
          nicolae_dithmenos_through_a_glass_darkly, makhleb_altar_promises_db,
          okawaru_gym_becter, serial_shops, shop, uniq_crazy_yiuf_cottage,
          uniq_robin
D:4:      layout_layer_cave, serial_rivers, chequers_serial_rivers_micro_a,
          chequers_serial_rivers_micro_b, chequers_serial_rivers_room_b,
          chequers_serial_rivers_marsh, chequers_mini_garden, kennysheep_boxes
D:5:      layout_basic, minitemple, temple_pool_b, dreamdust_wishing_well,
          minmay_bent

Skill      XL: |  1  2  3  4  5  6  7 |
---------------+----------------------+-----
Fighting       | 4 5 |  5.5
Shields        | 4 5 |  5.4
Armour         | 4 5 |  5.7
Axes           | 3 4 5 6 |  6.0
Dodging        | 1 |  1.5
Stealth        | |  0.7

Action                   |  1- 3 |  4- 6 |  7- 9 || total
-------------------------+-------+-------+-------++-------
Melee: War axe           |    72 |   151 |    20 ||   243
       Headbutt          |     9 |    27 |     4 ||    40
  Use: Scroll            |       |     8 |       ||     8
 Stab: Confused          |       |     3 |       ||     3
Armor: Scale mail        |    35 |    80 |    19 ||   134
Dodge: Dodged            |    43 |    37 |     8 ||    88
Block: Buckler           |    15 |     5 |       ||    20
       Tower shield      |       |   122 |    25 ||   147
